 Dungeon Crawl Stone Soup version 0.24.0-13-gcf9b3192b9 (webtiles) character file.

Game seed: 13029071076176944590, levelgen mode: deterministic

285707 Arum the Warrior (level 21, 0/184 HPs)
             Began as a Formicid Fighter on Nov 6, 2019.
             Was a High Priest of Qazlal.
             Slain by a phantasmal warrior (6 damage)
             ... on level 2 of the Elven Halls.
             The game lasted 01:23:36 (35321 turns).

Arum the Warrior (Formicid Fighter)                Turns: 35321, Time: 01:23:36

Health: 0/184      AC: 24    Str: 21    XL:     21   Next: 49%
Magic:  15/28      EV: 21    Int: 13    God:    Qazlal [*****.]
Gold:   2344       SH: 20    Dex: 18    Spells: 20/20 levels left

rFire    . . .     SeeInvis +   O - +8 lajatang "Orb Guardian's Death" {flame, Stlth+}
rCold    + . .     Gourm    .   c - +0 shield
rNeg     + . .     Faith    .   M - +3 scale mail {MR+}
rPois    .         Spirit   .   (helmet unavailable)
rElec    +         Reflect  .   E - +1 cloak of Starlight {rElec rC+ EV+4 Stlth--}
rCorr    .         Harm     .   r - +2 pair of gloves {Dex+3}
MR       ++++.                  G - +2 pair of boots {run}
Stlth    ..........             I - amulet of regeneration
HPRegen  0.80/turn              D - ring of protection from magic
MPRegen  0.21/turn              B - ring of positive energy

@: protected from electricity, repel missiles, quick
A: permanent stasis, dig shafts and tunnels, four strong arms, antennae 3,
blurry vision 1, MP-powered wands
}: 2/15 runes: barnacled, gossamer
a: Dig, Shaft Self, Upheaval, Elemental Force, Disaster Area, Renounce Religion


You were on level 2 of the Elven Halls.
You worshipped Qazlal.
Qazlal was extremely pleased with you.
You were not hungry.

You visited 7 branches of the dungeon, and saw 34 of its levels.
You visited the Abyss 2 times.
You also visited: Sewer, Ice Cave and Volcano.

You collected 3552 gold pieces.
You spent 1208 gold pieces at shops.

Inventory:

Hand Weapons
 F - a +6 vampiric lajatang
 O - the +8 lajatang "Orb Guardian's Death" (weapon) {flame, Stlth+}
   (You found it on level 6 of the Lair of Beasts)

   It has been specially enchanted to burn those struck by it, causing extra
   injury to most foes and up to half again as much damage against particularly
   susceptible opponents.
   Big, fiery blades are also staple armaments of hydra-hunters.
   It makes you more stealthy.
 V - a +0 lajatang of venom
Missiles
 k - 21 silver javelins
 y - 42 javelins (quivered)
 Y - 3 throwing nets
Armour
 c - a +0 shield (worn)
 r - a +2 pair of gloves of dexterity (worn)
 E - the +1 cloak of Starlight (worn) {rElec rC+ EV+4 Stlth--}
   (You found it on level 5 of the Dungeon)

   It affects your evasion (+4).
   It protects you from cold.
   It insulates you from electricity.
   It makes you much less stealthy.
 G - a +2 pair of boots of running (worn)
 J - a +2 chain mail of poison resistance
 M - a +3 scale mail of magic resistance (worn)
 Q - a +0 large shield
Jewellery
 m - an uncursed ring of positive energy
 n - an uncursed ring of protection from cold
 B - a ring of positive energy (right hand)
 D - a ring of protection from magic (left hand)
 I - an amulet of regeneration (around neck)
 K - an uncursed ring of resist corrosion
 L - a +4 ring of evasion
 W - an uncursed ring of protection from cold
Wands
 a - a wand of scattershot (3)
 v - a wand of acid (37)
 S - a wand of iceblast (54)
 U - a wand of digging (11)
Scrolls
 e - 6 scrolls of fear
 h - 13 scrolls of identify
 i - 4 scrolls of immolation
 o - a scroll of noise
 t - 19 scrolls of remove curse
 u - 5 scrolls of magic mapping
 x - 4 scrolls of enchant armour
 X - a scroll of silence
 Z - 3 scrolls of fog
Potions
 d - 10 potions of might
 j - 19 potions of curing
 p - 8 potions of brilliance
 q - 5 potions of cancellation
 s - 10 potions of lignification
 w - 8 potions of ambrosia
 z - 5 potions of mutation
 A - 3 potions of magic
 N - a potion of flight
 P - 3 potions of agility
 R - 6 potions of resistance
Miscellaneous
 b - a phial of floods
 l - 3 boxes of beasts
 H - a lamp of fire
 T - a lightning rod (4/4)
Comestibles
 f - 66 rations
 C - 8 chunks of flesh


   Skills:
 + Level 20.5 Fighting
 + Level 16.6 Staves
 + Level 19.2 Armour
 - Level 10.0 Dodging
 + Level 14.5 Shields
 - Level 10.0 Invocations


You had 20 spell levels left.
You didn't know any spells.
Your spell library contained the following spells:

 Spells                   Type           Power        Failure   Level  Hunger
 Confusing Touch          Hex            #.....       50%         1    ##.....
 Corona                   Hex            #......      50%         1    ##.....
 Pain                     Necr           #...         50%         1    ##.....
 Sandblast                Erth           #.....       50%         1    ##.....
 Summon Butterflies       Summ           #.......     50%         1    ##.....
 Corpse Rot               Necr           N/A          65%         2    ###....
 Ensorcelled Hibernation  Hex/Ice        #.....       65%         2    ###....
 Passwall                 Tmut/Erth      #.......     65%         2    ###....
 Sublimation of Blood     Necr           #.........   65%         2    ###....
 Call Canine Familiar     Summ           #.......     86%         3    ####...
 Confuse                  Hex            #.......     86%         3    ####...
 Dazzling Spray           Conj/Hex       #.....       86%         3    ####...
 Gell's Gravitas          Tloc           #.........   86%         3    ####...
 Lesser Beckoning         Tloc           #.........   86%         3    ####...
 Recall                   Summ/Tloc      N/A          86%         3    ####...
 Stone Arrow              Conj/Erth      #.....       86%         3    ####...
 Summon Guardian Golem    Hex/Summ       #.......     86%         3    ####...
 Tukima's Dance           Hex            #.......     86%         3    ####...
 Ice Form                 Ice/Tmut       #.......     99%         4    #####..
 Leda's Liquefaction      Hex/Erth       #.........   99%         4    #####..
 Petrify                  Tmut/Erth      #.......     99%         4    #####..
 Summon Ice Beast         Ice/Summ       #.......     99%         4    #####..
 Agony                    Necr           #.......     100%        5    ######.
 Aura of Abjuration       Summ           #.........   100%        5    ######.
 Bolt of Draining         Conj/Necr      #.........   100%        5    ######.
 Dispel Undead            Necr           #.......     100%        5    ######.
 Excruciating Wounds      Chrm/Necr      #.........   100%        5    ######.
 Irradiate                Conj/Tmut      #.........   100%        5    ######.
 Lee's Rapid Deconstruct  Erth           #.........   100%        5    ######.
 Metabolic Englaciation   Hex/Ice        #.........   100%        5    ######.
 Summon Demon             Summ           #.........   100%        5    ######.
 Summon Forest            Summ/Tloc      #.........   100%        5    ######.
 Summon Mana Viper        Hex/Summ       #.......     100%        5    ######.
 Yara's Violent Unravell  Hex/Tmut       #.........   100%        5    ######.
 Bolt of Cold             Conj/Ice       #.........   100%        6    #######
 Dispersal                Tloc           #.........   100%        6    #######
 Freezing Cloud           Conj/Ice/Air   #.........   100%        6    #######
 Hydra Form               Tmut           #.........   100%        6    #######
 Ozocubu's Refrigeration  Ice            #.........   100%        6    #######
 Shadow Creatures         Summ           N/A          100%        6    #######
 Simulacrum               Ice/Necr       #.........   100%        6    #######
 Summon Hydra             Summ           #.........   100%        7    #######
 Discord                  Hex            #.........   100%        8    #######


Dungeon Overview and Level Annotations

Branches:
Dungeon (15/15)            Temple (0/1) D:6            Lair (6/6) D:9
 Shoals (4/4) Lair:4       Spider (4/4) Lair:4        Slime (1/5) Lair:5
    Orc (2/2) D:10            Elf (2/3) Orc:2        Vaults (0/5) D:14
 Depths (0/5) D:15          Sewer (visited)           IceCv (visited)
Volcano (visited)

Altars:
Fedhas
Gozag
Hepliaklqana
Kikubaaqudgha
Makhleb
Nemelex Xobeh
Qazlal
Ru
Trog
Xom
The Shining One

Shops:
D:8 !   D:10 [   Orc:2 ?[=}!   Shoals:2 (   Shoals:3 *

Annotations:
D:5 2 transporters


Innate Abilities, Weirdness & Mutations

You cannot be hasted, slowed, berserked, paralysed or teleported.
You can dig through walls and to a lower floor.
Your four strong arms can wield two-handed weapons with a shield.
You have a pair of large antennae on your head. (SInv)
Scrolls take you a little longer to read.
You expend magic power (3 MP) to strengthen your wands.


Message History

Unknown command.
Unknown command.
Unknown command.
Unknown command.
Unknown command.
Unknown command.
Unknown command.
Unknown command.
Unknown command.
Unknown command.
Unknown command.
You feel better.
The +2 quick blade of distortion barely misses you.
You block the +2 quick blade of distortion's attack.
The +2 quick blade of distortion hits you!
* * * LOW HITPOINT WARNING * * *
Space bends around you.
* * * LOW HITPOINT WARNING * * *
You block the raiju's attack. The phantasmal warrior hits you.
You die...

###.#####.## #.).#..#..#...#)...)
....# ##.###......#......#()(((
#########...#..##...#...##)#(##.#
............≈...#########).).##.#
......###.##...##...#...##)#.##.#
......# #....≈≈.....#.....).(.#.#
......# #..##.○.)#..#..#(.......#
......# #.....#°#W§###..#.#......
......# ##.###(#@h≈#.#...#.#.#.##
......# #.# ##h#(...(..#.#..#.#
####### ### #####)''##########
#####)).# ##...''#++ #.....##
................ .#..............
##.............


You could see a phantasmal warrior, 2 raiju and a +2 quick blade of distortion.

Vanquished Creatures
  Nikola (Shoals:1)
  Arachne (Spider:3)
  Rupert (Lair:4)
  2 tentacled starspawn (Abyss:4)
  A deep elf blademaster (Elf:2)
  A kraken (Shoals:3)
  A deep elf sorcerer (Elf:1)
  Aizul (Elf:1)
  2 ghost moths (Spider:4)
  Louise (D:14)
  An orc warlord (Orc:2)
  2 emperor scorpions
  6 entropy weavers
  Azrael (Spider:3)
  The ghost of Zaoq the Quickloader, a journeyman HuWn of Dithmenos (Lair:4)
  A red draconian (Volcano)
  A deep elf annihilator (Elf:2)
  2 spark wasps
  The ghost of Luam the Spear-Bearer, a journeyman OpFi of Cheibriados (Lair:5)
  An eidolon (Abyss:4)
  Snorg (Lair:4)
  3 merfolk javelineers (Shoals:4)
  2 blizzard demons (IceCv)
  Josephine (Lair:4)
  8 merfolk impalers
  7 hydras
  2 vault guards (D:14)
  A rakshasa (D:15)
  Erica (D:10)
  5 centaur warriors
  2 catoblepae
  An alligator snapping turtle (Shoals:4)
  An ogre mage (D:15)
  2 merfolk avatars
  10 two-headed ogres
  A queen ant (Spider:4)
  20 dancing weapons
  A deep troll shaman (Lair:6)
  2 satyrs
  12 merfolk aquamancers
  2 tengu warriors
  8 death yaks
  3 orc high priests (Orc:2)
  8 thrashing horrors (Abyss:4)
  13 deep elf knights
  Sonja (Orc:2)
  A sixfirhy (Abyss:4)
  A salamander mystic (Volcano)
  A glowing orange brain (D:15)
  A death drake (D:15)
  3 unseen horrors
  2 wizards
  9 sea snakes
  14 deep elf archers
  17 harpies
  5 orc knights
  A necromancer (D:14)
  40 deep elf magi
  16 orb spiders
  28 wolf spiders
  8 oklob plants
  23 fauns
  10 ugly things
  A shining eye (Slime:1)
  4 orc sorcerers (Orc:2)
  6 moths of wrath
  4 salamanders (Volcano)
  8 manticores
  6 merfolk sirens
  4 cyclopes
  21 elephants
  3 torpor snails
  3 black mambas (Lair:4)
  An ice statue (Shoals:1)
  4 water nymphs (Shoals:4)
  3 gargoyles
  9 spiny frogs
  3 centaur skeletons
  A komodo dragon (shapeshifter) (D:15)
  8 komodo dragons
  A rime drake (Lair:6)
  2 efreet (D:15)
  3 freezing wraiths (IceCv)
  6 demonic crawlers
  A tengu conjurer (D:11)
  An ancient zyme (Abyss:4)
  6 ice devils (IceCv)
  3 meliai (D:15)
  5 anaconda simulacra (IceCv)
  59 jumping spiders
  11 hornets
  6 trolls
  31 merfolk
  2 wolf spider simulacra (IceCv)
  2 wind drakes
  2 hornets (shapeshifter)
  3 polar bears
  8 snapping turtles
  A meliai zombie (D:14)
  16 slime creatures
  5 raiju (Abyss:4)
  9 blink frogs
  4 hippogriffs
  70 redbacks
  Sigmund (D:5)
  32 tarantellas
  20 water elementals
  3 wyverns
  7 air elementals
  2 wyverns (shapeshifter)
  27 yaks
  4 dire elephant simulacra (IceCv)
  20 humans
  7 wraiths
  A ynoxinul (Abyss:2)
  Eustachio (D:5)
  3 fire elementals (Spider:3)
  A golden eye (shapeshifter) (Elf:2)
  2 vampire mosquitoes (D:15)
  A steam dragon (D:10)
  A hungry ghost (D:7)
  2 harpy simulacra (IceCv)
  A warg (Orc:2)
  An iron troll simulacrum (IceCv)
  26 soldier ants
  A hell hound (Spider:3)
  29 orc warriors
  Duvessa (D:7)
  A porcupine (shapeshifter) (D:15)
  10 water moccasins
  10 porcupines
  A black bear (shapeshifter) (D:15)
  A phantom (D:5)
  An alligator simulacrum (IceCv)
  6 sky beasts
  An eye of draining (D:11)
  8 black bears
  8 ice beasts
  A boggart (shapeshifter) (D:15)
  3 ettin simulacra (IceCv)
  5 boggarts (D:14)
  16 ogres
  8 wolves
  14 centaurs
  4 big kobolds
  10 crocodiles
  29 bullfrogs
  A gnoll sergeant (D:5)
  4 earth elementals
  5 scorpions
  Dowan (D:7)
  2 small abominations (Abyss:4)
  A wyvern skeleton (D:11)
  A killer bee (D:11)
  An elephant simulacrum (IceCv)
  3 howler monkeys
  15 wights
  2 electric eels
  3 crimson imps
  4 bullfrog zombies
  6 centaur zombies
  13 orc priests
  Crazy Yiuf (D:6)
  A draconian simulacrum (IceCv)
  4 hounds
  27 orc wizards
  A bullfrog skeleton (D:7)
  Terence (D:3)
  2 spriggan simulacra (IceCv)
  Natasha (D:2)
  An iguana (D:8)
  26 worker ants
  7 hell rats (Lair:2)
  4 troll simulacra (IceCv)
  A polar bear simulacrum (IceCv)
  A centaur simulacrum (IceCv)
  A hound zombie (D:10)
  A worker ant zombie (D:9)
  10 gnolls
  2 hound skeletons (D:4)
  18 adders
  3 river rats (Sewer)
  A naga simulacrum (IceCv)
  2 shadow imps
  9 white imps
  4 ufetubi (IceCv)
  5 oozes
  An adder skeleton (D:9)
  2 adder zombies (D:8)
  8 worms
  4 dart slugs
  8 leopard geckos
  77 orcs
  7 ball pythons
  13 bats
  5 giant cockroaches
  7 goblins
  5 hobgoblins
  10 jackals
  4 quokkas
  9 frilled lizards
  24 kobolds
  A quokka skeleton (D:8)
  12 rats
  A bush (Lair:3)
  A starspawn tentacle (Abyss:4)
  5 tentacles (Shoals:3)
1404 creatures vanquished.

Vanquished Creatures (others)
  A fire dragon (D:14)
  A centaur warrior (D:15)
  An orc high priest (Orc:2)
  A deep elf knight (Elf:2)
  A sea snake (Shoals:4)
  A deep elf archer (Elf:1)
  3 orb spiders (Spider:3)
  A manticore (Shoals:4)
  A jumping spider (Spider:3)
  A merfolk (Shoals:4)
  A hornet (D:15)
  A shadow (D:15)
  A porcupine (Lair:4)
  A centaur (D:14)
  A wolf (Lair:4)
  2 orc priests (Orc:2)
  An orc (Orc:2)
  5 fungi
  A lurking horror (Abyss:4)
  8 plants
  A starspawn tentacle (Abyss:4)
  2 tentacles (Shoals:3)
  18 toadstools (Lair:3)
55 creatures vanquished.

Grand Total: 1459 creatures vanquished

Notes
Turn   | Place    | Note
-------+----------+-------------------------------------------
     0 | D:1      | Arum the Formicid Fighter began the quest for the Orb.
     0 | D:1      | Reached XP level 1. HP: 18/18 MP: 1/1
    37 | D:1      | Reached XP level 2. HP: 23/24 MP: 2/2
   208 | D:1      | Reached XP level 3. HP: 25/29 MP: 3/3
   890 | D:2      | Reached XP level 4. HP: 37/37 MP: 4/4
   909 | D:2      | Found a shimmering altar of Xom.
   910 | D:2      | Found a burning altar of Makhleb.
  1095 | D:2      | Reached skill level 4 in Fighting
  1439 | D:2      | Reached XP level 5. HP: 39/42 MP: 5/5
  1478 | D:2      | Noticed Natasha
  1483 | D:2      | Killed Natasha
  1629 | D:2      | Reached skill level 5 in Shields
  1828 | D:3      | Found a glowing drain.
  1917 | Sewer    | Entered a sewer
  2196 | Sewer    | Noticed a big kobold
  2211 | Sewer    | Killed a big kobold
  2211 | Sewer    | Reached XP level 6. HP: 25/50 MP: 6/6
  2458 | Sewer    | Reached skill level 5 in Fighting
  2746 | D:3      | Noticed Terence
  2762 | D:3      | Killed Terence
  2898 | D:3      | Reached XP level 7. HP: 37/56 MP: 7/7
  3010 | D:3      | Found a bloodstained altar of Trog.
  3021 | D:3      | Found a stormy altar of Qazlal.
  3665 | D:3      | Became a worshipper of Qazlal Stormbringer
  4245 | D:4      | Found a glowing golden altar of the Shining One.
  4623 | D:5      | Entered Level 5 of the Dungeon
  4673 | D:5      | Found a sacrificial altar of Ru.
  4812 | D:5      | Reached skill level 6 in Fighting
  4812 | D:5      | Reached skill level 5 in Staves
  4853 | D:5      | Found a transporter.
  4866 | D:5      | Noticed Eustachio
  4898 | D:5      | Reached XP level 8. HP: 49/64 MP: 8/8
  4914 | D:5      | Killed Eustachio
  5073 | D:5      | Found a transporter.
  5090 | D:5      | Found an ancient bone altar of Kikubaaqudgha.
  5145 | D:5      | Reached * piety under Qazlal
  5620 | D:5      | Found the +1 cloak of Starlight {rElec rC+ EV+4 Stlth--}
  5656 | D:5      | Reached skill level 7 in Fighting
  5677 | D:5      | Noticed Sigmund
  5689 | D:5      | Killed Sigmund
  5689 | D:5      | Reached XP level 9. HP: 56/72 MP: 9/9
  6110 | D:6      | Reached skill level 8 in Fighting
  6180 | D:6      | Found a staircase to the Ecumenical Temple.
  6203 | D:6      | Noticed a two-headed ogre
  6478 | D:6      | Killed a two-headed ogre
  6547 | D:6      | Found a blossoming altar of Fedhas.
  6587 | D:6      | Found a runed translucent door.
  6590 | D:6      | Noticed Crazy Yiuf
  6621 | D:6      | Killed Crazy Yiuf
  6702 | D:6      | Found a sparkling altar of Nemelex Xobeh.
  6874 | D:7      | Reached XP level 10. HP: 74/82 MP: 10/10
  6881 | D:7      | Reached skill level 9 in Fighting
  6930 | D:7      | Reached skill level 10 in Shields
  7299 | D:7      | Noticed Duvessa
  7299 | D:7      | Noticed Dowan
  7310 | D:7      | Killed Duvessa
  7319 | D:7      | Killed Dowan
  7522 | D:7      | Found a hazy altar of Hepliaklqana.
  7755 | D:8      | Found a shimmering altar of Xom.
  7788 | D:8      | Reached ** piety under Qazlal
  7859 | D:8      | Reached skill level 1 in Invocations
  7977 | D:8      | Reached skill level 10 in Fighting
  8160 | D:8      | Found an opulent altar of Gozag.
  8400 | D:8      | Found Kyfituz's Distillery.
  8408 | D:8      | Bought a potion of curing for 36 gold pieces
  8408 | D:8      | Bought a potion of heal wounds for 60 gold pieces
  9213 | D:9      | Reached XP level 11. HP: 79/91 MP: 13/13
  9316 | D:9      | Reached *** piety under Qazlal
  9387 | D:9      | Reached skill level 5 in Armour
  9821 | D:9      | Found a staircase to the Lair.
 10079 | D:10     | Entered Level 10 of the Dungeon
 10080 | D:10     | Noticed Erica
 10093 | D:10     | Killed Erica
 10093 | D:10     | Reached skill level 5 in Invocations
 10248 | D:10     | Found Xek Erph's Armour Shop.
 10320 | D:10     | Found a staircase to the Orcish Mines.
 10347 | D:10     | Reached skill level 11 in Fighting
 10542 | D:10     | Noticed a two-headed ogre
 10544 | D:10     | Noticed a two-headed ogre
 10558 | D:10     | Killed a two-headed ogre
 10558 | D:10     | Reached skill level 10 in Staves
 10570 | D:10     | Reached **** piety under Qazlal
 10578 | D:10     | Killed a two-headed ogre
 11043 | D:11     | Noticed a two-headed ogre
 11045 | D:11     | Reached XP level 12. HP: 96/100 MP: 16/16
 11056 | D:10     | Killed a two-headed ogre
 11635 | D:11     | You fall into a shaft and drop 1 floor!
 12286 | D:11     | Reached skill level 12 in Fighting
 12338 | D:11     | Found a runed translucent door.
 12348 | D:11     | Noticed a tengu warrior
 12349 | D:11     | Identified the +3 leather armour of Loss {rPois rF- Slay+6
                  | SInv}
 12352 | D:11     | Noticed a centaur warrior
 12369 | D:11     | Killed a tengu warrior
 12386 | D:11     | Killed a centaur warrior
 12386 | D:11     | Reached ***** piety under Qazlal
 12413 | D:11     | Identified the Grimoire of Ghastly Translocation
 12806 | D:11     | Reached XP level 13. HP: 109/109 MP: 19/19
 12868 | D:8      | Bought a potion of experience for 600 gold pieces
 12869 | D:8      | Reached skill level 13 in Fighting
 12869 | D:8      | Reached skill level 10 in Invocations
 12869 | D:8      | Reached XP level 14. HP: 118/118 MP: 19/21
 13028 | D:12     | Reached skill level 10 in Armour
 14382 | D:14     | Noticed Louise
 14391 | D:14     | Cast into level 2 of the Abyss (Louise)
 14429 | D:14     | Escaped the Abyss
 14443 | D:14     | Killed Louise
 14647 | D:14     | Reached skill level 14 in Fighting
 15258 | D:14     | Reached XP level 15. HP: 127/127 MP: 22/22
 15585 | D:14     | Found a gate to the Vaults.
 15840 | D:15     | Entered Level 15 of the Dungeon
 16518 | D:15     | Reached skill level 15 in Fighting
 16843 | D:15     | Found a staircase to the Depths.
 17344 | D:15     | Identified a scroll of acquirement
 17481 | Orc:1    | Entered Level 1 of the Orcish Mines
 17767 | Orc:2    | Entered Level 2 of the Orcish Mines
 18005 | Orc:2    | Noticed Sonja
 18016 | Orc:2    | Killed Sonja
 18230 | Orc:2    | Found a staircase to the Elven Halls.
 18231 | Orc:2    | Found Muikh's Magic Scroll Emporium.
 18260 | Orc:2    | Bought a scroll of brand weapon for 280 gold pieces
 18334 | Orc:2    | Reached ****** piety under Qazlal
 18472 | Orc:2    | Reached XP level 16. HP: 137/137 MP: 23/23
 18473 | Orc:2    | Found Sixkysid's Antique Armour Boutique.
 18473 | Orc:2    | Found Qinehyx's Distillery.
 18475 | Orc:2    | Found Vionwud's Jewellery Boutique.
 18475 | Orc:2    | Found Jecybry's Gadget Emporium.
 18976 | Lair:1   | Entered Level 1 of the Lair of Beasts
 19225 | Lair:1   | Reached skill level 1 in Dodging
 19465 | Lair:1   | Got a brightly glowing scale mail
 19466 | Lair:1   | Identified the cursed +1 scale mail "Seta" {rC++ rCorr
                  | Dex-3} (You found it on level 1 of the Lair of Beasts)
 19471 | Lair:1   | Got a pitted jade ring
 19472 | Lair:1   | Identified the ring of Pupaph {Fire Str+2} (You acquired it
                  | on level 1 of the Lair of Beasts)
 19890 | Lair:2   | Reached skill level 16 in Fighting
 20455 | Lair:3   | Found a dark tunnel.
 20485 | Volcano  | Entered a volcano
 20898 | Lair:3   | Found a blossoming altar of Fedhas.
 21611 | Lair:4   | Found a staircase to the Shoals.
 21611 | Lair:4   | Noticed Josephine
 21657 | Lair:4   | Killed Josephine
 21836 | Lair:4   | Noticed Rupert
 21873 | Lair:4   | Killed Rupert
 21889 | Lair:4   | Reached skill level 5 in Dodging
 22077 | Lair:4   | Noticed Snorg
 22091 | Lair:4   | Killed Snorg
 22162 | Lair:4   | Found a hole to the Spider Nest.
 22189 | Lair:4   | Found a runed translucent door.
 22189 | Lair:4   | Noticed Zaoq's ghost (journeyman HuWn)
 22202 | Lair:4   | Killed Zaoq's ghost
 22217 | Lair:4   | Identified the Papyrus of Bewitching Transmigration
 22408 | Lair:5   | Reached XP level 17. HP: 146/146 MP: 24/24
 22630 | Lair:5   | Found a staircase to the Slime Pits.
 22715 | Lair:5   | Reached skill level 15 in Armour
 22910 | Lair:5   | Found a runed translucent gate.
 22910 | Lair:5   | Found a runed translucent gate.
 22910 | Lair:5   | Found a runed translucent gate.
 22910 | Lair:5   | Noticed Luam's ghost (journeyman OpFi)
 22933 | Lair:5   | Killed Luam's ghost
 23309 | Lair:6   | Entered Level 6 of the Lair of Beasts
 23322 | Lair:6   | Reached skill level 17 in Fighting
 23943 | Lair:6   | Got a translucent lajatang
 23945 | Lair:6   | Identified the +8 lajatang "Orb Guardian's Death" {flame,
                  | Stlth+} (You found it on level 6 of the Lair of Beasts)
 24087 | Slime:1  | Entered Level 1 of the Pits of Slime
 24106 | Slime:1  | Gained mutation: Scrolls take you a little longer to read.
                  | [a shining eye]
 24110 | Slime:1  | Gained mutation: You expend magic power (3 MP) to
                  | strengthen your wands. [a shining eye]
 24190 | Spider:1 | Entered Level 1 of the Spider Nest
 25121 | Spider:2 | Reached XP level 18. HP: 156/156 MP: 25/25
 25447 | Spider:2 | Reached skill level 18 in Fighting
 25867 | Spider:2 | Got a distressingly furry chain mail
 25870 | Spider:2 | Identified the +8 chain mail of Contentment {+Inv rPois rF+
                  | Str-5} (You found it on level 2 of the Spider Nest)
 26104 | Spider:3 | Noticed Azrael
 26111 | Spider:3 | Killed Azrael
 26201 | Spider:3 | Noticed Arachne
 26218 | Spider:3 | Killed Arachne
 26572 | Spider:4 | Entered Level 4 of the Spider Nest
 26975 | Spider:4 | Reached skill level 10 in Dodging
 27262 | Spider:3 | Reached XP level 19. HP: 106/165 MP: 19/26
 27360 | Spider:3 | HP: 4/165 [emperor scorpion (27)]
 27362 | Spider:3 | HP: 1/165 [emperor scorpion (23)]
 27725 | Spider:4 | Reached skill level 19 in Fighting
 27901 | Spider:4 | Got a gossamer rune of Zot
 28147 | Shoals:1 | Entered Level 1 of the Shoals
 28163 | Shoals:1 | Noticed Nikola
 28183 | Shoals:1 | Killed Nikola
 28326 | Shoals:1 | Found a frozen archway.
 28341 | IceCv    | Entered an ice cave
 28663 | IceCv    | Reached skill level 15 in Staves
 28764 | IceCv    | Identified a +2 pair of boots of running (You found it in
                  | an ice cave)
 28767 | IceCv    | Got a dazzling demon blade
 28771 | IceCv    | Identified the +5 demon blade "Ixiuj" {venom, rC+ Int+4}
                  | (You found it in an ice cave)
 29999 | Shoals:2 | Found Vueg Hua's Antique Weapon Shop.
 31009 | Shoals:3 | Reached XP level 20. HP: 174/174 MP: 27/27
 31306 | Shoals:3 | Found Budiruiq's Assorted Antiques.
 31314 | Shoals:3 | Bought a potion of agility for 124 gold pieces
 31314 | Shoals:3 | Bought a scroll of magic mapping for 108 gold pieces
 31522 | Shoals:4 | Entered Level 4 of the Shoals
 31754 | Shoals:4 | HP: 2/176 [alligator snapping turtle (33)]
 32338 | Shoals:4 | Got a barnacled rune of Zot
 32359 | Shoals:4 | Identified the cursed ring "Coaheil" {*Slow AC-3 Str+8
                  | SInv}
 33060 | Elf:1    | Entered Level 1 of the Elven Halls
 33545 | Elf:1    | Noticed Aizul
 33569 | Elf:1    | Killed Aizul
 33569 | Elf:1    | Reached skill level 20 in Fighting
 33749 | Elf:1    | Identified the +2 chain mail of Gravitas {rF+ MP-9 Str+5}
                  | (You found it on level 1 of the Elven Halls)
 34511 | Elf:2    | Reached XP level 21. HP: 180/183 MP: 28/28
 34677 | Elf:2    | Found a runed translucent gate.
 34677 | Elf:2    | Found a runed translucent gate.
 34789 | Elf:2    | Found a runed translucent gate.
 35153 | Elf:2    | Cast into level 4 of the Abyss (+2 quick blade of
                  | distortion)
 35311 | Elf:2    | Escaped the Abyss
 35318 | Elf:2    | HP: 8/184 [deep elf blademaster/+0 rapier (5)]
 35318 | Elf:2    | HP: 3/184 [+2 quick blade of distortion (1)]
 35318 | Elf:2    | HP: 1/184 [+2 quick blade of distortion (2)]
 35321 | Elf:2    | Slain by a phantasmal warrior

Levels and vault maps discovered:
D:1:      onia_arrival_handbag, layout_basic
D:2:      layout_loops_corners, gammafunk_temple_overflow_statue,
          minmay_misc_feat_pillars, uniq_natasha
D:3:      layout_basic, nicolae_qazlal_general_emergency,
          cheibrodos_sewer_entry_bend, first_ration, trog_three_pillars_becter,
          uniq_terence
D:4:      layout_basic, kennysheep_little_box
D:5:      gammafunk_steamed_eel, layout_loops_cross, kiku_gazebo_pond_becter,
          hangedman_ru_absence, dk_vineyard_1, wad_floor_pattern_untrapped,
          uniq_sigmund, uniq_eustachio
D:6:      layout_rooms, nemelex_altar_shiori, minmay_temple_entry_crystal_x,
          basic_altar, uniq_crazy_yiuf_cottage
D:7:      layout_cave_pods, overflow_temple_1_default, uniq_duvessa
D:8:      layout_layer_cave, lemuel_doored_altar, serial_shops, shop,
          basic_altar, minmay_joined_circles
D:9:      layout_gridville, grunt_lair_entry_orc_guard_hut, blue_anna_alchemist
          [blue_anna_fruit_fields, blue_anna_fruit_fields]
D:10:     layout_long_grid, orc_david_3, uniq_erica
D:11:     minmay_the_grid_triangle_9x9_recursive_3
          [minmay_the_grid_triangle_9x9_swiss_cheese,
          minmay_the_grid_triangle_9x9_zippers_horizontal,
          minmay_the_grid_triangle_9x9_subtriangle,
          minmay_the_grid_triangle_9x9_prize_center,
          minmay_the_grid_triangle_9x9_from_above,
          minmay_the_grid_triangle_9x9_odd_lines,
          minmay_the_grid_triangle_9x9_corruption,
          minmay_the_grid_triangle_9x9_skeleton,
          minmay_the_grid_triangle_9x9_descending_squares], layout_layer_cave
D:12:     layout_rooms, kennysheep_generic_room_2
D:13:     layout_long_grid, special_room [special_room_orc]
D:14:     kennysheep_ambush_hall, layout_gridville, grunt_vaults_entry_tiered,
          minmay_misc_feat_tiny, serial_glass, glass_columns_a, glass_columns_a,
          due_unseen_surprise, minmay_strange_pillars, uniq_louise
D:15:     gammafunk_enter_depths_forms, layout_basic, interstate_on_off
Lair:1:   layout_chaotic_city
Lair:2:   layout_loops_ring, serial_bayou_shore_b, lemuel_fruit_tree
Lair:3:   layout_regular_city, nicolae_volcano_entry_lava_flow, tgw_fedhas,
          minmay_lair_oklob_chamber
Lair:4:   layout_misc_corridors, minmay_shoals_entry_centaurs,
          spider_nest_entry_funnel_web, ebering_ghost_inner_flame,
          beast_lair_carwin_5, grunt_megastairs_4, uniq_josephine, uniq_snorg,
          uniq_rupert
Lair:5:   layout_gridlike, minmay_slime_entry_oklob_enclosed,
          gammafunk_ghost_hydra_chop, grunt_megastairs_1
Lair:6:   grunt_lair_end_beastmaster, layout_misc_corridors, grunt_megastairs_2
Shoals:1: layout_shoals, portal_ice_cave_entry_ice_statue_one, uniq_nikola
Shoals:2: layout_shoals, serial_shops, shop
Shoals:3: layout_shoals, serial_shops, nicolae_shop_waterfront,
          nicolae_shoals_aquamancer_cove
Shoals:4: shoals_end_hangedman, layout_shoals, ldierk_geyser
Spider:1: layout_spider_delve
Spider:2: layout_spider_delve
Spider:3: layout_spider_delve, uniq_arachne, uniq_azrael
Spider:4: grunt_spider_rune_parallel, zaba_anthell
Slime:1:  layout_caves
Orc:1:    layout_diamond_mine
Orc:2:    grunt_orc_tribal_feast, layout_caves, serial_shops,
          nicolae_shop_temple_entry_statues_fountains, elf_legates, uniq_sonja
Elf:1:    eino_elf_arrival_the_gate, layout_loops_corners, evilmike_minifort,
          uniq_aizul
Elf:2:    layout_loops_cross, lemuel_elevator

Skill      XL: |  1  2  3  4  5  6  7  8  9 10 11 12 13 14 15 16 17 18 19 20 21 |
---------------+----------------------------------------------------------------+-----
Shields        | 4 5 6 8 9 10 12 13 14 | 14.5
Fighting       | 4 5 6 7 8 10 11 12 13 14 15 16 17 18 19 20 | 20.5
Staves         | 3 4 5 6 7 9 10 11 13 14 15 16 | 16.6
Invocations    | 3 6 8 10 | 10.0
Armour         | 4 7 8 9 11 13 14 16 17 18 19 | 19.2
Dodging        | 5 8 10 | 10.0

Action                   |  1- 3 |  4- 6 |  7- 9 | 10-12 | 13-15 | 16-18 | 19-21 || total
-------------------------+-------+-------+-------+-------+-------+-------+-------++-------
Melee: Quarterstaff      |   101 |   303 |   433 |   744 |   763 |       |       ||  2344
       Lajatang          |       |       |       |       |   250 |  1529 |  1227 ||  3006
Throw: Dart              |       |       |     2 |       |       |       |       ||     2
       Javelin           |       |       |       |       |       |       |     1 ||     1
Invok: Upheaval          |       |       |       |       |     6 |     5 |    18 ||    29
       Disaster Area     |       |       |       |       |       |       |    10 ||    10
 Abil: Dig               |       |     1 |     5 |     2 |     7 |    15 |     6 ||    36
Evoke: Wand              |       |       |     4 |     5 |     6 |       |     4 ||    19
       Phial of floods   |       |       |       |       |       |       |     1 ||     1
  Use: Potion            |       |       |     2 |       |     1 |       |    16 ||    19
       Scroll            |       |       |       |    10 |    15 |    10 |     7 ||    42
 Stab: Paralysed         |       |       |       |    14 |     8 |       |       ||    22
       Confused          |       |       |       |     1 |     6 |       |       ||     7
       Petrified         |       |       |       |       |       |     8 |       ||     8
       Distracted        |       |       |       |       |       |     1 |       ||     1
       Invisible         |       |       |       |       |       |       |     2 ||     2
  Eat: Chunk             |       |     4 |    14 |    21 |    16 |    28 |    20 ||   103
       Ration            |       |     1 |       |       |     1 |     1 |     2 ||     5
Armor: Scale mail        |    51 |    89 |   133 |   117 |    95 |    84 |    86 ||   655
       Chain mail        |       |       |       |       |       |   215 |   311 ||   526
Dodge: Dodged            |    41 |    72 |   130 |   260 |   227 |   533 |   687 ||  1950
       Deflected         |       |       |       |       |     9 |     6 |    54 ||    69
Block: Shield            |    54 |   105 |   249 |   532 |   601 |  1225 |  1390 ||  4156
